 Dungeon Crawl Stone Soup version 0.29.1-15-g9cfb28693d (webtiles) character file.

Game seed: 12049668125321600590

63 croobank the Firebug (level 3, 0/24 HPs)
             Began as a Demonspawn Fire Elementalist on Mar 21, 2023.
             Slain by a gnoll
             ... wielding a +0 whip
              (5 damage)
             ... on level 3 of the Dungeon.
             The game lasted 00:04:10 (2412 turns).

croobank the Firebug (Demonspawn Fire Elementalist) Turns: 2412, Time: 00:04:11

Health: 0/24       AC: 10    Str:  8    XL:     3   Next: 89%
Magic:  2/6        EV: 12    Int: 18    God:
Gold:   78         SH:  0    Dex: 13    Spells: 3/6 levels left

rFire   . . .      SeeInvis .   e - +0 hand axe
rCold   . . .      Faith    .   (no shield)
rNeg    . . .      Spirit   .   a - +0 robe
rPois   .          Reflect  .   k - +2 hat
rElec   .          Harm     .   (no cloak)
rCorr   .          Rampage  .   (no gloves)
Will    .....                   (no boots)
Stlth   ++........              (no amulet)
HPRegen 0.08/turn               (no ring)
MPRegen 0.10/turn               (no ring)

@: sanguine armoured, very slightly contaminated
A: sanguine armour 1, demonic magic 1
a: no special abilities


You were on level 3 of the Dungeon.
You visited 1 branch of the dungeon, and saw 3 of its levels.

You collected 78 gold pieces.

Inventory:

Hand Weapons
 e - a +0 hand axe (weapon)
 g - a +0 short sword
 s - a +0 dagger
Missiles
 c - 9 poisoned darts
Armour
 a - a +0 robe (worn)
 k - a +2 hat (worn)
Jewellery
 m - a ring of see invisible
Scrolls
 o - 2 scrolls of teleportation {unknown}
 q - 3 scrolls of identify
Potions
 b - 2 potions of magic
 d - 2 potions of invisibility
 f - a potion of heal wounds {unknown}
 h - a potion of attraction {unknown}
 i - 2 potions of curing {unknown}
 j - a potion of flight {unknown}
 l - 2 potions of degeneration {unknown}
 n - a potion of mutation {unknown}
 p - a potion of resistance {unknown}
 r - a potion of might {unknown}
 t - a potion of berserk rage {unknown}


   Skills:
 + Level 2.3 Dodging
 + Level 2.4 Stealth
 + Level 2.4 Spellcasting
 + Level 1.8 Conjurations
 + Level 3.1 Fire Magic


You had 3 spell levels left.
You knew the following spells:

 Your Spells              Type           Power      Damage    Failure   Level
a - Foxfire               Conj/Fire      44%        2x1d6     6%          1
b - Scorch                Fire           26%        2d6       8%          2

Your spell library contained the following spells:

 Spells                   Type           Power      Damage    Failure   Level
 Apportation              Tloc           4%         N/A       17%         1
 Necrotise                Necr           8%         1d4       17%         1
 Summon Small Mammal      Summ           8%         N/A       17%         1
 Conjure Flame            Conj/Fire      11%        6-21      19%         3
 Inner Flame              Hex/Fire       7%         N/A       28%         3
 Flame Wave               Conj/Fire      11%        2d6       54%         4


Dungeon Overview and Level Annotations

Branches:
Dungeon (3/15)

Altars:
Okawaru


Innate Abilities, Weirdness & Mutations

When seriously injured, your blood forms armour. (AC +6)
Spells you cast may paralyse adjacent enemies.


Message History

The goblin hits you but does no damage. The goblin closely misses you.
You hit the goblin.
You kill the goblin!
You hit the gnoll.
The gnoll is almost dead.
The gnoll hits you but does no damage.
You barely miss the gnoll.
The gnoll is almost dead.
The gnoll closely misses you. The gnoll barely misses you.
You hit the gnoll but do no damage.
The gnoll is almost dead.
The giant cockroach bites you but does no damage.
The gnoll closely misses you.
You hit the gnoll.
You kill the gnoll!
You hit the giant cockroach but do no damage.
The giant cockroach bites you but does no damage.
The giant cockroach barely misses you.
You closely miss the giant cockroach. You barely miss the gnoll.
The gnoll hits you with a +0 whip. The giant cockroach misses you.
You barely miss the giant cockroach. You hit the gnoll.
The giant cockroach closely misses you. The gnoll hits you with a +0 whip.
* * * LOW HITPOINT WARNING * * *
The giant cockroach bites you but does no damage.
The gnoll barely misses you.
Casting: Scorch (safe; 8% risk of failure)
Confirm with . or Enter, or press ? or * to list all spells.
You miscast Scorch.
You are very lightly contaminated with residual magic.
Nothing appears to happen.
The giant cockroach bites you but does no damage.
The gnoll closely misses you.
Casting: Scorch (safe; 8% risk of failure)
Confirm with . or Enter, or press ? or * to list all spells.
Flames lash the hobgoblin.
You kill the hobgoblin!
Malevolent energies surge around you.
The giant cockroach bites you but does no damage.
The gnoll hits you with a +0 whip.
You die...

...n......#
..........########
.......<.........#####
..........######.#...## #
......... #......#######
........## #.............
#.....#######...)...#.....
#....n†gg@............####
#.....####B..#.....######
##........)#..............
#.##.......#.........####
#. #######.#.......#....
#. #.#.......##### .
#..#.....## . ##......##
####.#.#


You could see a necrophage, 2 gnolls and a giant cockroach.

Vanquished Creatures
  A gnoll (D:3)
  2 dart slugs (D:2)
  An orc (D:3)
  6 bats
  2 giant cockroaches
  5 hobgoblins
  7 jackals
  6 kobolds
  8 ball pythons
  4 frilled lizards
  3 goblins
  2 rats (D:1)
47 creatures vanquished.

Vanquished Creatures (others)
  100 foxfires
100 creatures vanquished.

Grand Total: 147 creatures vanquished

Notes
Turn   | Place    | Note
-------+----------+-------------------------------------------
     0 | D:1      | croobank the Demonspawn Fire Elementalist began the quest
                  | for the Orb.
     0 | D:1      | Reached XP level 1. HP: 13/13 MP: 3/3
   340 | D:1      | Gained mutation: When seriously injured, your blood forms
                  | armour. (AC +6) [demonic ancestry]
   340 | D:1      | Reached XP level 2. HP: 18/19 MP: 1/5
   343 | D:1      | Learned a level 2 spell: Scorch
   807 | D:1      | Found a faded altar of an unknown god.
  1368 | D:2      | Gained mutation: Spells you cast may paralyse adjacent
                  | enemies. [demonic ancestry]
  1368 | D:2      | Reached XP level 3. HP: 24/24 MP: 3/6
  1609 | D:2      | Reached skill level 3 in Fire Magic
  2192 | D:3      | Found an iron altar of Okawaru.
  2397 | D:3      | Noticed a necrophage
  2412 | D:3      | Slain by a gnoll

Illustrated notes

Levels and vault maps discovered:
D:1:      dpeg_arrival_solitude, layout_basic,
          hellmonk_ecumenical_altar_pennies_from_heaven
D:2:      layout_basic
D:3:      layout_rooms, mainiacjoe_overflow_six_doors_small, lemuel_round_altar,
          minivault_5

Skill      XL: |  1  2  3 |
---------------+----------+-----
Stealth        | 2 |  2.4
Dodging        | 2 |  2.3
Fire Magic     | 3 |  3.1
Spellcasting   | |  2.4
Conjurations   | |  1.8

Action                   || total
-------------------------++-------
Melee: Hand axe          ||    51
 Cast: Foxfire           ||    54
       Scorch            ||     3
  Use: Scroll            ||     5
 Stab: Sleeping          ||     7
       Paralysed         ||     1
Armor: Robe              ||    22
Dodge: Dodged            ||    52
